 Dungeon Crawl Stone Soup version 0.23.0 (webtiles) character file.

Game seed: 7747281797721602279

387 Monsterracer the Chopper (level 6, -3/56 HPs)
             Began as a Hill Orc Chaos Knight on Feb 15, 2019.
             Was a Plaything of Xom.
             Slain by an ogre
             ... wielding a +0 giant club
              (18 damage)
             ... on level 4 of the Dungeon.
             The game lasted 00:04:12 (3234 turns).

Monsterracer the Chopper (Hill Orc Chaos Knight)    Turns: 3234, Time: 00:04:13

Health: -3/56      AC: 20    Str: 19    XL:     6   Next: 78%
Magic:  6/6        EV:  5    Int: 12    God:    Xom [.....*]
Gold:   268        SH:  3    Dex: 12    Spells: 5/5 levels left

rFire    . . .     SeeInvis .   a - +0 war axe
rCold    . . .     Gourm    .   p - +0 buckler
rNeg     + . .     Faith    .   q - +0 plate armour
rPois    .         Spirit   .   n - +1 helmet
rElec    .         Reflect  .   d - +0 cloak
rCorr    .         Harm     .   h - +0 pair of gloves
MR       .....                  (no boots)
Stlth    ..........             (no amulet)
HPRegen  0.58/turn              g - ring of positive energy
MPRegen  0.10/turn              (no ring)

@: no status effects
A: hooves 1, icy blue scales 1, iridescent scales 1, agile 1, regeneration 1,
strong 1, wild magic 1, evolution 1
a: Renounce Religion


You were on level 4 of the Dungeon.
You worshipped Xom.
You were Xom's teddy bear.
You were near starving.

You visited 1 branch of the dungeon, and saw 4 of its levels.

You collected 268 gold pieces.

Inventory:

Hand Weapons
 a - a +0 war axe (weapon)
 b - a +0 flail
Armour
 d - a +0 cloak (worn)
 h - a +0 pair of gloves (worn)
 n - a +1 helmet (worn)
 p - a +0 buckler (worn)
 q - a +0 plate armour (worn)
Jewellery
 g - a ring of positive energy (left hand)
Wands
 o - a wand of paralysis (7)
Potions
 e - 3 potions of curing
 i - 4 potions of cancellation
 j - a potion of flight {unknown}
 k - 2 potions of brilliance
 l - a potion of ambrosia {!q}
 m - 2 potions of might {unknown}
 r - a potion of heal wounds {unknown}
Comestibles
 c - 4 rations


   Skills:
 + Level 5.3 Fighting
 * Level 7.3 Axes
 + Level 4.2 Armour
 - Level 0.7 Dodging
 + Level 1.0 Shields


You had 5 spell levels left.
You didn't know any spells.
Your spell library was empty.

Dungeon Overview and Level Annotations

Branches:
Dungeon (4/15)
 Temple: D:4-7

Altars:
Elyvilon
Fedhas
Makhleb
Zin


Innate Abilities, Weirdness & Mutations

You have large cloven feet.
You are partially covered in icy blue scales. (AC +2)
You are partially covered in iridescent scales. (AC +2)
You are agile. (Dex +2)
Your natural rate of healing is unusually fast.
Your muscles are strong. (Str +2)
Your spells are a little harder to cast, but a little more powerful.
You evolve.


Message History

You feel sick. The adder bites you but does no damage.
An adder is nearby!
You hit the adder.
You feel better.
Sand pours from the adder's tail.
The adder is severely wounded.
The adder barely misses you. You block the adder's attack.
Health restored: 56 An adder is nearby!
You slash the adder!
You kill the adder!
You feel sick.
You feel sick.
You feel sick.
Key pressed, stopping explore.
No target in view!
No target in view!
You feel sick.
You are no longer poisoned.
There is a stone staircase leading up here.
You see here a leather armour.
You see here a mace.
You are feeling very hungry.
Key pressed, stopping explore.
You enter the shallow water.
Moving in this stuff is going to be slow.
Key pressed, stopping explore.
No target in view!
You see here 8 stones. "Let me alter your pitiful body."
Your body is suffused with distortional energy.
Your feet thicken and deform.
You feel agile.
No target in view!
You enter the shallow water.
Moving in this stuff is going to be slow.
You enter the shallow water.
Moving in this stuff is going to be slow.
You see here a +0 mace.
Key pressed, stopping explore.
You enter the shallow water.
Moving in this stuff is going to be slow.
Partly explored, can't reach some places.
Partly explored, can't reach some places.
Partly explored, can't reach some places.
You enter the shallow water.
Moving in this stuff is going to be slow.
There is a stone staircase leading down here.
You climb downwards.
Found a ration, a war axe and a dagger.
There is a stone staircase leading up here.
Unknown command.
An ogre comes into view. It is wielding a +0 giant club.
The ogre shouts!
An ogre is nearby!
Found 24 bolts.
You hit the ogre.
The ogre appears confused.
You kick the ogre.
The ogre is moderately wounded.
You completely miss the ogre.
The ogre is moderately wounded.
You are near starving!
You slash the ogre! You kick the ogre, but do no damage.
The ogre is heavily wounded.
The ogre hits you with a +0 giant club!!
You take 18 damage, and have 38/56 hp.
MASSIVE DAMAGE!!
You are too injured to fight recklessly!
You are too injured to fight recklessly!
You are too injured to fight recklessly!
You hit the ogre.
You feel better.
Your kick misses the ogre.
The ogre is severely wounded.
You regained 6 hp, and now have 44/56 hp.
The ogre wonders, "What am I doing in here?"
The ogre barely misses you.
Drop what? 17/52 slots (_ for help) (? for menu, Esc to quit)
You are now empty-handed.
You drop a +1 hand axe of chaos.
You stop training Axes.
The ogre says, "I'm a little confused."
You see here a +1 hand axe of chaos.
Found 5 sling bullets.
You see here a war axe.
a - a war axe You resume training Axes.
a - a +0 war axe (weapon)
The ogre seems less confused.
Setting a skill training target for Axes at 16.0.
You completely miss the ogre. You kick the ogre.
The ogre is severely wounded.
The ogre hits you with a +0 giant club!
You take 9 damage, and have 40/56 hp.
You hit the ogre.
The ogre is almost dead.
The ogre hits you with a +0 giant club!
* * * LOW HITPOINT WARNING * * *
You take 14 damage, and have 26/56 hp.
MASSIVE DAMAGE!!
You barely miss the ogre. Your kick misses the ogre.
The ogre is almost dead.
The ogre hits you with a +0 giant club!
* * * LOW HITPOINT WARNING * * *
You take 12 damage, and have 14/56 hp.
MASSIVE DAMAGE!!
You hit the ogre. Your kick misses the ogre.
The ogre is almost dead.
The ogre hits you with a +0 giant club!!
You die...

( .. 8. ... #.⌠
.... .8.
.....####.#
........#.# #
#.#.#
####.##@#.###.#
.......O)....(#
####.##.#.###.#
#.#.#<..........
#.......%....###
#.####.#........
.....#...#.
##........#
#........#


You could see an ogre.

Vanquished Creatures
  A black bear (D:2)
  An orc priest (D:3)
  A hound (D:2)
  Jessica (D:2)
  An orc wizard (D:3)
  Robin (D:3)
  8 adders
  2 oozes (D:2)
  An adder zombie (D:3)
  4 worms
  A dart slug (D:2)
  3 leopard geckos
  6 orcs (D:3)
  4 bats
  A giant cockroach (D:2)
  14 goblins
  7 hobgoblins
  2 jackals (D:2)
  7 kobolds
  3 ball pythons
  7 frilled lizards
  3 rats
79 creatures vanquished.

Vanquished Creatures (others)
  A giant cockroach (D:1)
1 creature vanquished.

Grand Total: 80 creatures vanquished

Notes
Turn   | Place    | Note
-------+----------+-------------------------------------------
     0 | D:1      | Monsterracer the Hill Orc Chaos Knight began the quest for
                  | the Orb.
     0 | D:1      | Reached XP level 1. HP: 19/19 MP: 1/1
   174 | D:1      | XOM: divination: detect items
   284 | D:1      | Reached XP level 2. HP: 27/27 MP: 2/2
   663 | D:1      | XOM: harmless Ice miscast
   811 | D:2      | XOM: potion effect (brilliance)
   816 | D:2      | Reached XP level 3. HP: 26/33 MP: 3/3
   821 | D:2      | Reached skill level 5 in Axes
  1067 | D:2      | XOM: mild Hex miscast
  1081 | D:2      | Noticed a black bear
  1088 | D:2      | Noticed Jessica
  1091 | D:2      | HP: 13/33 [black bear (6)]
  1092 | D:2      | Killed a black bear
  1092 | D:2      | Reached skill level 6 in Axes
  1092 | D:2      | Reached XP level 4. HP: 16/41 MP: 4/4
  1092 | D:2      | Reached XP level 5. HP: 19/47 MP: 5/5
  1096 | D:2      | HP: 15/47 [poisoned by an adder]
  1104 | D:2      | HP: 14/47 [poisoned by an adder]
  1108 | D:2      | Killed Jessica
  1229 | D:2      | XOM: god gift: 41 gold pieces
  1472 | D:2      | Reached skill level 5 in Fighting
  1472 | D:2      | Reached XP level 6. HP: 40/56 MP: 6/6
  1472 | D:2      | Found a burning altar of Makhleb.
  1472 | D:2      | XOM: 2-stop teleportation journey
  1749 | D:2      | Found a glowing silver altar of Zin.
  1885 | D:2      | XOM: give mutation
  1885 | D:2      | Gained mutation: Your muscles are strong. (Str +2) [Xom's
                  | grace]
  1914 | D:2      | XOM: give mutations
  1914 | D:2      | Gained mutation: Your natural rate of healing is unusually
                  | fast. [Xom's grace]
  1914 | D:2      | Gained mutation: You are partially covered in iridescent
                  | scales. (AC +2) [Xom's grace]
  1914 | D:2      | Gained mutation: Your spells are a little harder to cast,
                  | but a little more powerful. [Xom's grace]
  1914 | D:2      | Gained mutation: You evolve. [Xom's grace]
  2179 | D:3      | Reached skill level 7 in Axes
  2201 | D:3      | Gained mutation: You are partially covered in icy blue
                  | scales. (AC +2) [evolution]
  2638 | D:3      | Noticed Robin
  2652 | D:3      | Killed Robin
  2652 | D:3      | Reached skill level 1 in Shields
  2806 | D:3      | XOM: summons 2 hostile demons
  2849 | D:3      | Found a blossoming altar of Fedhas.
  2861 | D:3      | Found a white marble altar of Elyvilon.
  3127 | D:3      | XOM: give mutations
  3127 | D:3      | Gained mutation: You have large cloven feet. [Xom's grace]
  3127 | D:3      | Gained mutation: You are agile. (Dex +2) [Xom's grace]
  3232 | D:4      | HP: 26/56 [ogre/+0 giant club (15)]
  3234 | D:4      | Slain by an ogre

Skill      XL: |  1  2  3  4  5  6 |
---------------+-------------------+-----
Fighting       | 4 5 |  5.3
Axes           | 6 7 |  7.3
Armour         | 3 4 |  4.2
Shields        | 1 |  1.0
Dodging        | |  0.7

Action                   |  1- 3 |  4- 6 || total
-------------------------+-------+-------++-------
Melee: Hand axe          |    84 |   174 ||   258
       War axe           |       |     4 ||     4
       Kick              |       |     3 ||     3
  Use: Scroll            |       |     9 ||     9
 Stab: Paralysed         |     1 |     1 ||     2
  Eat: Chunk             |     1 |     5 ||     6
Armor: Leather armour    |    50 |    17 ||    67
       Chain mail        |       |    42 ||    42
       Plate armour      |       |    33 ||    33
Dodge: Dodged            |    72 |    59 ||   131
Block: Buckler           |       |     4 ||     4

Levels and vault maps discovered:
D:1:      ebering_trefoil_3fold, layout_basic
D:2:      layout_loops_ring, zin_treasury, makhleb_blood_cavern_becter,
          uniq_jessica
D:3:      layout_loops_ring, amethyst_overflow_temple_binary,
          minmay_misc_feat_tiny, chequers_big_river, uniq_robin
D:4:      layout_basic, nicolae_overflow_hidden_temple, serial_shops, shop,
          nicolae_shop_crystal, nicolae_shop_temple_entry_statues_fountains,
          first_ration, uniq_duvessa, uniq_grinder
